 Dungeon Crawl Stone Soup version 0.32-a0-516-g94ed278cf8 (webtiles) character file.

Game seed: 9441889268698331755

35 GordonOverkill the Sneak (level 3, 0/29 HPs)
             Began as a Coglin Delver on Feb 27, 2024.
             Splashed by a jelly's acid (5 damage)
             ... on level 5 of the Dungeon.
             The game lasted 00:02:23 (360 turns).

GordonOverkill the Sneak (Coglin Delver)             Turns: 360, Time: 00:02:24

Health: 0/29       AC: -5    Str: 14    XL:     3   Next: 33%
Magic:  3/3        EV: 11    Int:  9    God:
Gold:   26         SH:  0    Dex: 15    Spells: 2/2 levels left

rFire   . . .        a - +0 hand axe {Sachi}
rCold   . . .        (no shield)
rNeg    . . .        b - +0 leather armour
rPois   .            (no helmet)
rElec   .            (no cloak)
rCorr   .            (no gloves)
SInv    .            (no boots)
Will    .....        (no amulet)
Stlth   ++           (ring unavailable)
HPRegen 0.24/turn    (ring unavailable)
MPRegen 0.08/turn

%: no passive effects
@: corroded, revved
A: off-hand wielding, slow wielding, warmup strikes, no rings
a: no special abilities


You were on level 5 of the Dungeon.
You visited 1 branch of the dungeon, and saw 2 of its levels.

You collected 26 gold pieces.

Inventory:

Hand Weapons
 a - a +0 hand axe (weapon) {Sachi}
Armour
 b - a +0 leather armour (worn)
 j - a +0 ring mail
Wands
 h - a wand of iceblast (7)
Scrolls
 c - a scroll of fog
 d - a scroll of revelation
 e - a scroll of fear
 k - a scroll of enchant weapon {unknown}
Potions
 f - a potion of haste
 i - a potion of heal wounds
 l - a potion of curing {unknown}


   Skills:
 - Level 3.0 Fighting
 + Level 3.2 Axes
 - Level 1.7 Dodging
 - Level 4.1 Stealth
 - Level 2.0 Evocations


You had 2 spell levels left.
You didn't know any spells.
Your spell library was empty.

Dungeon Overview and Level Annotations

Branches:
Dungeon (5/15)
 Temple: D:4-7

Altars:


Innate Abilities, Weirdness & Mutations

You can wield a second weapon in your off-hand.
It takes a long time for you to wield or remove held weapons.
Your first few attacks do less damage.
Your grasper-arms cannot wear rings.


Message History

An adder comes into view.
You see here a ribbon worm corpse.
There is a stone staircase leading up here.
e - a scroll of fear You start resting.
HP restored.
There is a stone staircase leading up here.
You climb upwards.
The giant cockroach barely misses you.
The giant cockroach bites you but does no damage.
There is a stone staircase leading down here.
The jelly closely misses you. The giant cockroach closely misses you.
You climb downwards.
There is a stone staircase leading up here.
You hit the jelly.
Your graspers burn!
The jelly is moderately wounded.
You hit the giant cockroach. The giant cockroach barely misses you.
The jelly hits you. The acid corrodes you!
You are splashed with acid!
You hit the jelly.
Your graspers burn!
* * * LOW HITPOINT WARNING * * *
The jelly is moderately wounded.
You hit the giant cockroach but do no damage.
The giant cockroach bites you.
* * * LOW HITPOINT WARNING * * *
The jelly closely misses you.
You hit the jelly.
Your graspers burn!
* * * LOW HITPOINT WARNING * * *
The jelly is heavily wounded.
You hit the giant cockroach but do no damage.
The giant cockroach bites you.
* * * LOW HITPOINT WARNING * * *
The jelly closely misses you. The giant cockroach bites you.
* * * LOW HITPOINT WARNING * * *
You hit the jelly.
Your graspers burn!
* * * LOW HITPOINT WARNING * * *
The jelly is severely wounded.
You hit the giant cockroach but do no damage.
The jelly hits you.
* * * LOW HITPOINT WARNING * * *
The acid corrodes you!
You are splashed with acid.
You die...

#. . .. ..
. .# .
.#.# #.
#.. #.##.#
####....##
#........#
#......†B#
#.......@#
#......J.#
#........#
##########


You could see a jelly and a giant cockroach.

Vanquished Creatures
  A bombardier beetle (D:5)
  A ribbon worm (D:5)
  An orc (D:5)
  A ball python (D:4)
4 creatures vanquished.

Notes
Turn   | Place    | Note
-------+----------+-------------------------------------------
     0 | D:5      | GordonOverkill the Coglin Delver began the quest for the
                  | Orb.
     0 | D:5      | Reached XP level 1. HP: 18/18 MP: 1/1
    37 | D:5      | Noticed an ogre
    45 | D:4      | Noticed a jelly
    56 | D:5      | Noticed a bombardier beetle
    67 | D:5      | Killed a bombardier beetle
    68 | D:5      | Reached XP level 2. HP: 22/24 MP: 2/2
    68 | D:5      | Reached XP level 3. HP: 27/29 MP: 3/3
   108 | D:5      | Noticed a phantom
   360 | D:5      | Splashed by a jelly's acid

Illustrated notes

Levels and vault maps discovered:
D:4:      layout_basic, minmay_temple_entry_water_ring
D:5:      layout_rooms, grunt_ministairs_3, abandoned_shop, kennysheep_donut

Skill      XL: |  1 |
---------------+----+-----
Axes           | 3 |  3.2
Evocations     | 2 |  2.0
Fighting       | |  3.0
Dodging        | |  1.7
Stealth        | |  4.1

Action                     || total
---------------------------++-------
  Melee: Hand axe          ||    28
  Evoke: Wand              ||     3
    Use: Potion            ||     2
         Scroll            ||     1
 Armour: Leather armour    ||    37
  Dodge: Dodged            ||    46
         Repelled          ||     2

Table legend: (Time is in decaauts)
 A = Elapsed time spent in this place.
 B = Non-inter-level travel time spent in this place.
 C = Inter-level travel time spent in this place.
 D = Time resting spent in this place.
 E = Time spent auto-exploring this place.
 F = Levels seen in this place.
 G = Mean time per level.
                   A        B        C        D        E       F      G
               +--------+--------+--------+--------+--------+-----+--------+
         Total |    349 |    349 |      0 |     63 |      0 |   2 |  174.5 |
       Dungeon |    349 |    349 |      0 |     63 |      0 |   2 |  174.5 |
               +--------+--------+--------+--------+--------+-----+--------+

Top non-repeatable levels by time:
     D:5: 244 daAuts
     D:4: 104 daAuts
